MLB
COLORADO ROCKIES @ CALIFORNIA ANGELS
08/16/2046
 
TOP OF THE 1ST
Colorado Rockies batting - Pitching for California Angels : RHP Gus Morante
Pitching: RHP Gus Morante
Batting: SHB Eddie Quinones 0-0: Ball
1-0: Foul Ball, location: 2F
1-1: DOUBLE (Groundball, 3L, EV 101.2 MPH)
Batting: SHB Jon Munoz 0-0: Ground out 6-3 (Groundball, 6, EV 86.9 MPH)
Eddie Quinones to third
Batting: RHB Joel Haycock 0-0: Ball
1-0: Foul Ball, location: 2F
1-1: Swinging Strike
1-2: Foul Ball, location: 2F
1-2: Strikes out swinging
Batting: RHB Jason Andrews 0-0: Fly out, F8 (Flyball, 8RD, EV 100.0 MPH)
Top of the 1st over - 0 runs, 1 hit, 0 errors, 1 left on base; Colorado 0 - California 0
BOTTOM OF THE 1ST
California Angels batting - Pitching for Colorado Rockies : LHP Steve Ransom
Pitching: LHP Steve Ransom
Batting: RHB Bjoern Waltersson 0-0: Called Strike
0-1: Ball
1-1: SINGLE (Groundball, 5S, EV 66.9 MPH) (infield hit)
Batting: RHB Preston Deakyne 0-0: Ball
Bjoern Waltersson is caught stealing 2nd base 2-4
1-0: Called Strike
1-1: SINGLE (Groundball, 25, EV 63.1 MPH) (infield hit)
Batting: RHB Mike Harkins 0-0: Swinging Strike
0-1: 2-RUN HOME RUN (Flyball, 89XD, EV 104.4 MPH), Distance : 422 ft
Batting: RHB Avery Maxwell 0-0: Swinging Strike
0-1: Ball
1-1: Foul Ball, location: 2F
1-2: SINGLE (Line Drive, 4MD, EV 100.6 MPH)
Batting: RHB Jasper Burd 0-0: Called Strike
0-1: Grounds into double play, 4-6-3 (Groundball, 4, EV 101.9 MPH)
Bottom of the 1st over - 2 runs, 4 hits, 0 errors, 0 left on base; Colorado 0 - California 2
TOP OF THE 2ND
Colorado Rockies batting - Pitching for California Angels : RHP Gus Morante
Batting: RHB Sterling Acosta 0-0: Called Strike
0-1: Swinging Strike
0-2: Strikes out swinging
Batting: LHB Robert Watson 0-0: Ball
1-0: Swinging Strike
1-1: Called Strike
1-2: Foul Ball, location: 2F
1-2: Ground out 4-3 (Groundball, 4, EV 76.9 MPH)
Batting: RHB Chad Thompson 0-0: Ball
1-0: Foul Ball, location: 2F
1-1: Swinging Strike
1-2: Strikes out swinging
Top of the 2nd over - 0 runs, 0 hits, 0 errors, 0 left on base; Colorado 0 - California 2
BOTTOM OF THE 2ND
California Angels batting - Pitching for Colorado Rockies : LHP Steve Ransom
Batting: RHB Danny Odom 0-0: Ball
1-0: Foul Ball, location: 2F
1-1: Foul Ball, location: 2F
1-2: Ball
2-2: Ball
3-2: Foul Ball, location: 2F
3-2: Strikes out looking
Batting: LHB Jack Bell 0-0: Called Strike
0-1: Ball
1-1: Foul Ball, location: 2F
1-2: Foul Ball, location: 2F
1-2: Foul Ball, location: 2F
1-2: Ground out 4-3 (Groundball, 4, EV 77.5 MPH)
Batting: LHB Javier Trujillo 0-0: Called Strike
0-1: Swinging Strike
0-2: Ball
1-2: Strikes out swinging, 2-3 out at first.
Bottom of the 2nd over - 0 runs, 0 hits, 0 errors, 0 left on base; Colorado 0 - California 2
TOP OF THE 3RD
Colorado Rockies batting - Pitching for California Angels : RHP Gus Morante
Batting: RHB Leo Mair 0-0: Called Strike
0-1: Ball
1-1: Foul Ball, location: 2F
1-2: Ground out 6-3 (Groundball, 6M, EV 85.6 MPH)
Batting: RHB Eduardo Camacho 0-0: Ball
1-0: Ground out 4-3 (Groundball, 4, EV 98.1 MPH)
Batting: SHB Eddie Quinones 0-0: Ball
1-0: Ball
2-0: Called Strike
2-1: SINGLE (Groundball, 4MD, EV 94.4 MPH)
Batting: SHB Jon Munoz 0-0: Ball
1-0: Fly out, F7 (Line Drive, 78M, EV 102.5 MPH)
Top of the 3rd over - 0 runs, 1 hit, 0 errors, 1 left on base; Colorado 0 - California 2
BOTTOM OF THE 3RD
California Angels batting - Pitching for Colorado Rockies : LHP Steve Ransom
Batting: SHB Mario Padron 0-0: Foul Ball, location: 2F
0-1: Called Strike
0-2: Foul Ball, location: 2F
0-2: Ball
1-2: Strikes out swinging
Batting: RHB Bjoern Waltersson 0-0: Called Strike
0-1: Foul Ball, location: 2F
0-2: Fly out, F9 (Line Drive, 9LS, EV 103.1 MPH)
Batting: RHB Preston Deakyne 0-0: Called Strike
0-1: Called Strike
0-2: Ground out 6-3 (Groundball, 6, EV 86.2 MPH)
Bottom of the 3rd over - 0 runs, 0 hits, 0 errors, 0 left on base; Colorado 0 - California 2
TOP OF THE 4TH
Colorado Rockies batting - Pitching for California Angels : RHP Gus Morante
Batting: RHB Joel Haycock 0-0: Swinging Strike
0-1: Ball
1-1: Ball
2-1: Foul Ball, location: 2F
2-2: Strikes out swinging
Batting: RHB Jason Andrews 0-0: Called Strike
0-1: Called Strike
0-2: Strikes out swinging
Batting: RHB Sterling Acosta 0-0: Ball
1-0: TRIPLE (Flyball, 78XD, EV 105.0 MPH)
Batting: LHB Robert Watson 0-0: Ball
1-0: Swinging Strike
1-1: Ball
2-1: Swinging Strike
2-2: Ball
3-2: Base on Balls
Batting: RHB Chad Thompson 0-0: Fielders Choice at 2nd, 5-4 (Groundball, 56, EV 100.6 MPH)
Top of the 4th over - 0 runs, 1 hit, 0 errors, 2 left on base; Colorado 0 - California 2
BOTTOM OF THE 4TH
California Angels batting - Pitching for Colorado Rockies : LHP Steve Ransom
Batting: RHB Mike Harkins 0-0: Ball
1-0: DOUBLE (Line Drive, 8RXD, EV 102.5 MPH)
Batting: RHB Avery Maxwell 0-0: Ball
1-0: SINGLE (Groundball, 6D, EV 102.5 MPH)
Mike Harkins to third
Runner from 3rd tries for Home, SAFE, throw by CF to home
Avery Maxwell to second
Batting: RHB Jasper Burd 0-0: Called Strike
0-1: 2-RUN HOME RUN (Flyball, 9D, EV 96.2 MPH), Distance : 357 ft
Batting: RHB Danny Odom 0-0: Ball
1-0: Foul Ball, location: 2F
1-1: Called Strike
1-2: DOUBLE (Line Drive, 78D, EV 106.2 MPH)
Batting: LHB Jack Bell 0-0: Ball
1-0: Called Strike
1-1: Swinging Strike
1-2: Foul Ball, location: 2F
1-2: Strikes out swinging
Pitching: RHP Victor Castillo
Batting: LHB Javier Trujillo 0-0: Ball
1-0: DOUBLE (Line Drive, 7LS, EV 107.5 MPH)
Danny Odom scores
Batting: SHB Mario Padron 0-0: Ball
1-0: Fly out, F7 (Flyball, 7, EV 96.2 MPH)
Batting: RHB Bjoern Waltersson 0-0: Called Strike
0-1: Ball
Javier Trujillo steals 3rd base (no throw)
1-1: Ground out 6-3 (Groundball, 6, EV 102.5 MPH)
Bottom of the 4th over - 4 runs, 5 hits, 0 errors, 1 left on base; Colorado 0 - California 6
TOP OF THE 5TH
Colorado Rockies batting - Pitching for California Angels : RHP Gus Morante
Batting: RHB Leo Mair 0-0: Ball
1-0: Ball
2-0: Called Strike
2-1: Called Strike
2-2: Ball
3-2: Foul Ball, location: 2F
3-2: Foul Ball, location: 2F
3-2: Foul Ball, location: 2F
3-2: SOLO HOME RUN (Flyball, 7D, EV 96.9 MPH), Distance : 370 ft
Batting: RHB Eduardo Camacho 0-0: Ball
1-0: Called Strike
1-1: Fly out, F9 (Flyball, 89S, EV 85.6 MPH)
Batting: SHB Eddie Quinones 0-0: Called Strike
0-1: Fly out, F8 (Line Drive, 78D, EV 89.4 MPH)
Batting: SHB Jon Munoz 0-0: Ball
1-0: Foul Ball, location: 2F
1-1: Ground out 6-3 (Groundball, 6S, EV 65.0 MPH)
Top of the 5th over - 1 run, 1 hit, 0 errors, 0 left on base; Colorado 1 - California 6
BOTTOM OF THE 5TH
California Angels batting - Pitching for Colorado Rockies : RHP Victor Castillo
Batting: RHB Preston Deakyne 0-0: Ball
1-0: Fly out, F5 (Popup, 5D, EV 59.4 MPH)
Batting: RHB Mike Harkins 0-0: Fly out, F7 (Flyball, 78D, EV 99.4 MPH)
Batting: RHB Avery Maxwell 0-0: Called Strike
0-1: Foul Ball, location: 2F
0-2: Foul Ball, location: 2F
0-2: Ball
1-2: Strikes out looking
Bottom of the 5th over - 0 runs, 0 hits, 0 errors, 0 left on base; Colorado 1 - California 6
TOP OF THE 6TH
Colorado Rockies batting - Pitching for California Angels : RHP Gus Morante
Batting: RHB Joel Haycock 0-0: Ball
1-0: Ball
2-0: Foul Ball, location: 2F
2-1: Ground out 4-3 (Groundball, 4MD, EV 99.4 MPH)
Batting: RHB Jason Andrews 0-0: Ball
1-0: Swinging Strike
1-1: Swinging Strike
1-2: Foul Ball, location: 2F
1-2: Strikes out looking
Batting: RHB Sterling Acosta 0-0: Swinging Strike
0-1: Called Strike
0-2: Strikes out swinging
Top of the 6th over - 0 runs, 0 hits, 0 errors, 0 left on base; Colorado 1 - California 6
BOTTOM OF THE 6TH
California Angels batting - Pitching for Colorado Rockies : RHP Victor Castillo
Batting: RHB Jasper Burd 0-0: Ball
1-0: Ball
2-0: Swinging Strike
2-1: Ground out 4-3 (Groundball, 4, EV 100.6 MPH)
Batting: RHB Danny Odom 0-0: Called Strike
0-1: Swinging Strike
0-2: Ball
1-2: Ball
2-2: Foul Ball, location: 2F
2-2: Ball
3-2: Strikes out swinging
Batting: LHB Jack Bell 0-0: Called Strike
0-1: Ball
1-1: Ball
2-1: Ball
3-1: Base on Balls
Batting: LHB Javier Trujillo 0-0: Ball
1-0: Ball
2-0: Foul Ball, location: 2F
2-1: Fielders Choice at 2nd, 6-4 (Groundball, 6, EV 95.6 MPH)
Bottom of the 6th over - 0 runs, 0 hits, 0 errors, 1 left on base; Colorado 1 - California 6
TOP OF THE 7TH
Colorado Rockies batting - Pitching for California Angels : RHP Gus Morante
Batting: LHB Robert Watson 0-0: Ground out 4-3 (Groundball, 4, EV 90.0 MPH)
Batting: RHB Chad Thompson 0-0: Ball
1-0: Ball
2-0: Fly out, F9 (Flyball, 9D, EV 91.2 MPH)
Batting: RHB Leo Mair 0-0: Foul Ball, location: 2F
0-1: Called Strike
0-2: Ball
1-2: Strikes out swinging
Top of the 7th over - 0 runs, 0 hits, 0 errors, 0 left on base; Colorado 1 - California 6
BOTTOM OF THE 7TH
California Angels batting - Pitching for Colorado Rockies : RHP Victor Castillo
Batting: SHB Mario Padron 0-0: Swinging Strike
0-1: Called Strike
0-2: Ball
1-2: Strikes out looking
Batting: RHB Bjoern Waltersson 0-0: Foul Ball, location: 2F
0-1: Fly out, F8 (Flyball, 8RD, EV 91.9 MPH)
Batting: RHB Preston Deakyne 0-0: Ground out 5-3 (Groundball, 5, EV 80.6 MPH)
Bottom of the 7th over - 0 runs, 0 hits, 0 errors, 0 left on base; Colorado 1 - California 6
TOP OF THE 8TH
Colorado Rockies batting - Pitching for California Angels : RHP Gus Morante
Batting: RHB Eduardo Camacho 0-0: Ball
1-0: Ground out 4-3 (Groundball, 4M, EV 82.5 MPH)
Batting: SHB Eddie Quinones 0-0: Called Strike
0-1: Ground out 3-1 (Groundball, 34, EV 100.6 MPH)
Batting: SHB Jon Munoz 0-0: Hit by Pitch
Batting: RHB Joel Haycock 0-0: Foul Ball, location: 2F
0-1: Foul Ball, location: 2F
0-2: Foul Ball, location: 2F
0-2: Ball
1-2: Fly out, F8 (Flyball, 8RXD, EV 90.0 MPH)
Top of the 8th over - 0 runs, 0 hits, 0 errors, 1 left on base; Colorado 1 - California 6
BOTTOM OF THE 8TH
California Angels batting - Pitching for Colorado Rockies : RHP Victor Castillo
Batting: RHB Mike Harkins 0-0: Ball
1-0: Foul Ball, location: 2F
1-1: Ball
2-1: Fly out, F9 (Line Drive, 89M, EV 97.5 MPH)
Batting: RHB Avery Maxwell 0-0: Called Strike
0-1: Ball
1-1: Ball
2-1: SOLO HOME RUN (Flyball, 9D, EV 98.1 MPH), Distance : 378 ft
Batting: RHB Jasper Burd 0-0: Ball
1-0: Foul Ball, location: 2F
1-1: Ball
2-1: Ball
3-1: Base on Balls
Pitching: RHP Mike Mik
Batting: RHB Danny Odom 0-0: Ball
1-0: Ball
2-0: Called Strike
2-1: Foul Ball, location: 2F
2-2: Grounds into double play, 6-4-3 (Groundball, 6, EV 101.9 MPH)
Bottom of the 8th over - 1 run, 1 hit, 0 errors, 0 left on base; Colorado 1 - California 7
TOP OF THE 9TH
Colorado Rockies batting - Pitching for California Angels : RHP Gus Morante
Batting: RHB Jason Andrews 0-0: Called Strike
0-1: SINGLE (Groundball, 6D, EV 94.4 MPH)
Pitching: RHP Eric Cunningham
Batting: RHB Sterling Acosta 0-0: Called Strike
0-1: Called Strike
0-2: Ball
1-2: Ball
2-2: Foul Ball, location: 2F
2-2: Strikes out swinging
Batting: LHB Robert Watson 0-0: Ball
1-0: DOUBLE (Line Drive, 7LS, EV 98.8 MPH)
Jason Andrews to third
Batting: RHB Chad Thompson 0-0: Swinging Strike
0-1: Called Strike
0-2: Foul Ball, location: 2F
0-2: Strikes out looking
Batting: RHB Leo Mair 0-0: Swinging Strike
0-1: Foul Ball, location: 2F
0-2: Ball
1-2: 3-RUN HOME RUN (Flyball, 7D, EV 96.9 MPH), Distance : 373 ft
Batting: RHB Eduardo Camacho 0-0: Ball
1-0: Called Strike
1-1: Ball
2-1: Called Strike
2-2: Foul Ball, location: 2F
2-2: Strikes out swinging
Top of the 9th over - 3 runs, 3 hits, 0 errors, 0 left on base; Colorado 4 - California 7
Tuesday, September 13th , 2022 - OOTP Baseball 23.7 Build 88